 Dungeon Crawl Stone Soup version 0.24.0-1-gfbc8707 (webtiles) character file.

Game seed: 8535933664546836018, levelgen mode: deterministic

1120751 Faca the Merfolkian Porcupine (level 27, -4/249 HPs)
             Began as a Merfolk Gladiator on Oct 29, 2019.
             Was the Champion of the Shining One.
             Killed by divine providence
             ... invoked by a mummy priest
              (15 damage)
             ... on level 2 of the Tomb of the Ancients on Oct 30, 2019.
             The game lasted 06:30:34 (115917 turns).

Faca the Merfolkian Porcupine (Merfolk Gladiator) Turns: 115917, Time: 06:30:35

Health: -4/249     AC: 45    Str: 24 (26) XL:     27
Magic:  28/32      EV: 22    Int:  7 (8)  God:    the Shining One [******]
Gold:   5025       SH: 35    Dex: 21      Spells: 26/26 levels left

rFire    + . .     SeeInvis .   a - +9 trishula (holy)
rCold    + + .     Gourm    .   X - +0 large shield
rNeg     + + +     Faith    .   b - +9 gold dragon scales
rPois    +         Spirit   .   L - +2 hat {MR+}
rElec    +         Reflect  +   E - +2 cloak {MR+}
rCorr    .         Harm     .   R - +2 pair of gloves "Buihaow" {Dex+3}
MR       ++++.                  P - +2 pair of boots "Quumelaa" {rPois rN+ Str+3}
Stlth    ..........             N - brooch of Shielding {Reflect SH+8}
HPRegen  0.51/turn              O - ring of Saarch {rElec rN+ Str+2 Dex+3 Stlth+}
MPRegen  0.23/turn              F - ring "Rydylaug" {rC+ rN+ Slay+3}

@: very slightly contaminated, hasted and slowed, glowing
A: change form in water, swift swim, stealthy swim, antennae 1, clumsy 1, low mp
2, mutation resistance 1, poison resistance, weak 2, subdued magic 1
}: 9/15 runes: barnacled, slimy, silver, iron, obsidian, icy, bone, abyssal,
gossamer
a: Divine Shield, Cleansing Flame, Summon Divine Warrior, Renounce Religion


You were on level 2 of the Tomb of the Ancients.
You worshipped the Shining One.
The Shining One was exalted by your worship.
You were hungry.

You visited 17 branches of the dungeon, and saw 88 of its levels.
You visited the Abyss 1 time.
You visited 1 bazaar.
You also visited: Ice Cave and Wizlab.

You collected 13645 gold pieces.
You spent 8620 gold pieces at shops.

Inventory:

Hand Weapons
 a - a +9 trishula of holy wrath (weapon)
Missiles
 d - 12 throwing nets
 k - 24 javelins
 t - 52 silver javelins (quivered)
Armour
 b - +9 gold dragon scales (worn)
 E - a +2 cloak of magic resistance (worn)
 L - a +2 hat of magic resistance (worn)
 P - the +2 pair of boots "Quumelaa" (worn) {rPois rN+ Str+3}
   (You found it on level 7 of Gehenna)

   It affects your strength (+3).
   It protects you from poison.
   It protects you from negative energy.
 R - the +2 pair of gloves "Buihaow" (worn) {Dex+3}
   (You acquired it on level 7 of Gehenna)

   It affects your dexterity (+3).
 X - a +0 large shield (worn)
Jewellery
 p - an uncursed ring of resist corrosion
 y - the ring "Focyoppi" {rF+ MR+ Int+3}
   (You found it on level 7 of Tartarus)

   [ring of intelligence]

   It affects your intelligence (+3).
   It protects you from fire.
   It affects your resistance to hostile enchantments.
 F - the ring "Rydylaug" (right hand) {rC+ rN+ Slay+3}
   (You found it on level 3 of the Crypt)

   [ring of positive energy]

   It affects your accuracy and damage with ranged weapons and melee attacks
   (+3).
   It protects you from cold.
   It protects you from negative energy.
 J - the ring of Leaves {+Fly rF++ Str+4 Dex-4}
   (You found it on level 7 of Tartarus)

   [ring of flight]

   It affects your strength (+4).
   It affects your dexterity (-4).
   It greatly protects you from fire.
   It lets you fly.
 N - the brooch of Shielding (around neck) {Reflect SH+8}
   (You found it on level 3 of the Depths)

   [amulet of reflection]

   It shields you and reflects attacks.
   It affects your SH (+8).
 O - the ring of Saarch (left hand) {rElec rN+ Str+2 Dex+3 Stlth+}
   (You found it on level 3 of the Crypt)

   [ring of positive energy]

   It affects your strength (+2).
   It affects your dexterity (+3).
   It insulates you from electricity.
   It protects you from negative energy.
   It makes you more stealthy.
 T - the amulet "Ziga" {Faith rElec MR+++ Int-2 Dex+4}
   (You acquired it on level 4 of the Depths)

   [amulet of faith]

   It allows you to gain divine favour quickly.
   It affects your intelligence (-2).
   It affects your dexterity (+4).
   It insulates you from electricity.
   It affects your resistance to hostile enchantments.
Wands
 B - a wand of digging (9)
Scrolls
 c - 2 scrolls of brand weapon
 o - 2 scrolls of enchant weapon
 q - 32 scrolls of teleportation
 r - 20 scrolls of remove curse
 s - 11 scrolls of identify
 v - 5 scrolls of magic mapping
 x - 8 scrolls of summoning
 A - 6 scrolls of immolation
 C - 5 scrolls of silence
 Q - 5 scrolls of fog
 V - 2 scrolls of holy word
 W - 5 scrolls of fear
Potions
 e - 7 potions of haste
 g - 13 potions of flight
 h - 12 potions of ambrosia
 i - 9 potions of lignification
 j - 7 potions of might
 l - 5 potions of heal wounds
 m - 7 potions of brilliance
 n - 3 potions of cancellation
 w - 28 potions of curing
 z - 5 potions of berserk rage
 G - 4 potions of mutation
 I - a potion of agility
 K - 5 potions of resistance
Comestibles
 f - 50 rations


   Skills:
 O Level 27 Fighting
 O Level 27 Polearms
 O Level 27 Throwing
 + Level 19.4 Armour
 O Level 27 Dodging
 O Level 27 Shields
 O Level 27 Invocations


You had 26 spell levels left.
You didn't know any spells.
Your spell library contained the following spells:

 Spells                   Type           Power        Failure   Level  Hunger
 Animate Skeleton         Necr           N/A          100%        1    ##.....
 Apportation              Tloc           #.....       100%        1    ##.....
 Beastly Appendage        Tmut           #.....       100%        1    ##.....
 Confusing Touch          Hex            #.....       100%        1    ##.....
 Corona                   Hex            #......      100%        1    ##.....
 Flame Tongue             Conj/Fire      #....        100%        1    ##.....
 Freeze                   Ice            #...         100%        1    ##.....
 Infusion                 Chrm           #...         100%        1    ##.....
 Magic Dart               Conj           #...         100%        1    ##.....
 Pain                     Necr           #...         100%        1    ##.....
 Sandblast                Erth           #.....       100%        1    ##.....
 Shock                    Conj/Air       #...         100%        1    ##.....
 Sting                    Conj/Pois      #...         100%        1    ##.....
 Summon Small Mammal      Summ           #...         100%        1    ##.....
 Blink                    Tloc           N/A          100%        2    ###....
 Call Imp                 Summ           #.......     100%        2    ###....
 Corpse Rot               Necr           N/A          100%        2    ###....
 Ensorcelled Hibernation  Hex/Ice        #.....       100%        2    ###....
 Passwall                 Tmut/Erth      #.......     100%        2    ###....
 Poisonous Vapours        Pois/Air       #.....       100%        2    ###....
 Searing Ray              Conj           #.....       100%        2    ###....
 Shroud of Golubria       Chrm/Tloc      #.....       100%        2    ###....
 Slow                     Hex            #.......     100%        2    ###....
 Song of Slaying          Chrm           #.......     100%        2    ###....
 Sticks to Snakes         Tmut           #.......     100%        2    ###....
 Sublimation of Blood     Necr           #.........   100%        2    ###....
 Swiftness                Chrm/Air       #.......     100%        2    ###....
 Throw Frost              Conj/Ice       #.....       100%        2    ###....
 Call Canine Familiar     Summ           #.......     100%        3    ####...
 Confuse                  Hex            #.......     100%        3    ####...
 Conjure Flame            Conj/Fire      #.......     100%        3    ####...
 Dazzling Spray           Conj/Hex       #.....       100%        3    ####...
 Gell's Gravitas          Tloc           #.........   100%        3    ####...
 Ignite Poison            Fire/Tmut/Pois #.......     100%        3    ####...
 Inner Flame              Hex/Fire       #.......     100%        3    ####...
 Mephitic Cloud           Conj/Pois/Air  #.......     100%        3    ####...
 Ozocubu's Armour         Chrm/Ice       #.......     100%        3    ####...
 Portal Projectile        Hex/Tloc       #.....       100%        3    ####...
 Recall                   Summ/Tloc      N/A          100%        3    ####...
 Regeneration             Chrm/Necr      #.........   100%        3    ####...
 Spectral Weapon          Hex/Chrm       #.......     100%        3    ####...
 Spider Form              Tmut/Pois      #.........   100%        3    ####...
 Static Discharge         Conj/Air       #.......     100%        3    ####...
 Stone Arrow              Conj/Erth      #.....       100%        3    ####...
 Summon Guardian Golem    Hex/Summ       #.......     100%        3    ####...
 Tukima's Dance           Hex            #.......     100%        3    ####...
 Vampiric Draining        Necr           #.........   100%        3    ####...
 Airstrike                Air            #.........   100%        4    #####..
 Animate Dead             Necr           N/A          100%        4    #####..
 Cause Fear               Hex            #.........   100%        4    #####..
 Force Lance              Conj/Tloc      #.......     100%        4    #####..
 Fulminant Prism          Conj/Hex       #.........   100%        4    #####..
 Ice Form                 Ice/Tmut       #.......     100%        4    #####..
 Iskenderun's Mystic Bla  Conj           #.......     100%        4    #####..
 Leda's Liquefaction      Hex/Erth       #.........   100%        4    #####..
 Olgreb's Toxic Radiance  Pois           #.......     100%        4    #####..
 Passage of Golubria      Tloc           N/A          100%        4    #####..
 Petrify                  Tmut/Erth      #.......     100%        4    #####..
 Summon Ice Beast         Ice/Summ       #.......     100%        4    #####..
 Summon Lightning Spire   Summ/Air       #.......     100%        4    #####..
 Throw Icicle             Conj/Ice       #.......     100%        4    #####..
 Agony                    Necr           #.......     100%        5    ######.
 Alistair's Intoxication  Tmut/Pois      #.......     100%        5    ######.
 Aura of Abjuration       Summ           #.........   100%        5    ######.
 Blade Hands              Tmut           #.........   100%        5    ######.
 Bolt of Draining         Conj/Necr      #.........   100%        5    ######.
 Bolt of Magma            Conj/Fire/Erth #.........   100%        5    ######.
 Borgnjor's Vile Clutch   Necr/Erth      #.........   100%        5    ######.
 Dispel Undead            Necr           #.......     100%        5    ######.
 Excruciating Wounds      Chrm/Necr      #.........   100%        5    ######.
 Irradiate                Conj/Tmut      #.........   100%        5    ######.
 Iskenderun's Battlesphe  Conj/Chrm      #.......     100%        5    ######.
 Lee's Rapid Deconstruct  Erth           #.........   100%        5    ######.
 Lightning Bolt           Conj/Air       #.........   100%        5    ######.
 Metabolic Englaciation   Hex/Ice        #.........   100%        5    ######.
 Silence                  Hex/Air        #.........   100%        5    ######.
 Summon Demon             Summ           #.........   100%        5    ######.
 Summon Forest            Summ/Tloc      #.........   100%        5    ######.
 Summon Mana Viper        Hex/Summ       #.......     100%        5    ######.
 Venom Bolt               Conj/Pois      #.........   100%        5    ######.
 Yara's Violent Unravell  Hex/Tmut       #.........   100%        5    ######.
 Bolt of Cold             Conj/Ice       #.........   100%        6    #######
 Bolt of Fire             Conj/Fire      #.........   100%        6    #######
 Conjure Ball Lightning   Conj/Air       #.........   100%        6    #######
 Darkness                 Hex            #.........   100%        6    #######
 Death Channel            Necr           #.........   100%        6    #######
 Deflect Missiles         Chrm/Air       #.........   100%        6    #######
 Dispersal                Tloc           #.........   100%        6    #######
 Freezing Cloud           Conj/Ice/Air   #.........   100%        6    #######
 Hydra Form               Tmut           #.........   100%        6    #######
 Invisibility             Hex            #.......     100%        6    #######
 Iron Shot                Conj/Erth      #.........   100%        6    #######
 Ozocubu's Refrigeration  Ice            #.........   100%        6    #######
 Shadow Creatures         Summ           N/A          100%        6    #######
 Simulacrum               Ice/Necr       #.........   100%        6    #######
 Statue Form              Tmut/Erth      #........    100%        6    #######
 Dragon Form              Tmut           #.........   100%        7    #######
 Malign Gateway           Summ/Tloc      #.........   100%        7    #######
 Monstrous Menagerie      Summ           #.........   100%        7    #######
 Orb of Destruction       Conj           #.........   100%        7    #######
 Spellforged Servitor     Conj/Summ      #.........   100%        7    #######
 Summon Greater Demon     Summ           #.........   100%        7    #######
 Controlled Blink         Tloc           N/A          100%        8    #######
 Discord                  Hex            #.........   100%        8    #######
 Disjunction              Tloc           #.........   100%        8    #######
 Ignition                 Fire           #.........   100%        8    #######
 Infestation              Necr           #.........   100%        8    #######
 Summon Horrible Things   Summ           #.........   100%        8    #######
 Dragon's Call            Summ           #.........   100%        9    #######
 Shatter                  Erth           #.........   100%        9    #######
 Tornado                  Air            #.........   100%        9    #######


Dungeon Overview and Level Annotations

Branches:
Dungeon (15/15)            Temple (0/1) D:4            Lair (6/6) D:9
 Shoals (4/4) Lair:3       Spider (4/4) Lair:3        Slime (5/5) Lair:5
    Orc (2/2) D:11            Elf (3/3) Orc:2        Vaults (5/5) D:13
  Crypt (3/3) Vaults:2       Tomb (2/3) Crypt:3      Depths (5/5) D:15
   Hell (visited)             Dis (7/7) Hell            Geh (7/7) Hell
    Coc (7/7) Hell            Tar (7/7) Hell            Zot (5/5) Depths:5
  IceCv (visited)          WizLab (visited)

Altars:
Ashenzari
Cheibriados
Dithmenos
Gozag
Makhleb
Nemelex Xobeh
Okawaru
Xom
Zin
The Shining One
Beogh
Jiyva
Lugonu

Shops:
D:2 *   D:6 *   D:8 ?   D:9 %   D:14 *   Orc:1 *   Orc:2 :*%[   Elf:1 *
Elf:2 (   Vaults:4 [   Depths:1 }=}   Depths:2 [%=%(   Depths:3 :

Portals:
Hell: Depths:1 Depths:2 Depths:3 Depths:4 Depths:5
Abyss: Depths:1 Depths:2 Depths:4
Pandemonium: Depths:3
Ziggurat: Depths:1

Annotations:
Lair:6 exclusion: oklob plant


Innate Abilities, Weirdness & Mutations

You revert to your normal form in water.
You are very nimble and swift while swimming.
You are very stealthy in the water. (Stealth+)
You have a pair of small antennae on your head.
You are clumsy. (Dex -2)
Your magical capacity is very low. (-20% MP)
You are somewhat resistant to further mutation.
Your system is resistant to poisons. (rPois)
You are very weak. (Str -4)
Your spells are a little easier to cast, but a little less powerful.


Message History

* * * LOW HITPOINT WARNING * * *
You hear a hideous shriek! x2
Blink to where?
Press: ? - help, Dir - move target cursor You are very lightly contaminated with residual magic.
As you read the scroll of blinking, it crumbles to dust.
A mummy and a mummy priest come into view.
The greater mummy calls on the powers of darkness!
The emperor scorpion convulses! x4; Your body is wracked with pain!
* * * LOW HITPOINT WARNING * * *
The mummy priest invokes the aid of its god against you.
Something smites you!
* * * LOW HITPOINT WARNING * * *
Found a one-way staircase leading up.
Unknown command.
As you read the scroll of fog, it crumbles to dust.
The scroll dissolves into smoke.
The mummy priest calls down the wrath of its god upon you.
Something smites you!
You die...

*,,,,,*,,,****,,,,,,,,,****,,*
*,,,,,#...* #<........# *,,*
*,,,,,#...####.....MM..###*,,+
*,,,,,#...(...............,,,*
***+**#^...........^......,,,*
*,,,,,#...................,,,*
*,,,,,#....§....#...#§....,,,*
*,,,,,#.$...§§§...........,,,*
*,,,,,#.....§@§...†M.......,,*
*,,,,,#.....§§§§M..M....^..,,*
*,,,,<#..^....M†s..†.(.....,,*
*,,,,,#.........s.Ms.......,,*
*,,,,,#........M..M........,,*
*,,,,,#...........s.§§.....,,*
*,,,,,#........?M§§.§§.....,,*
***+**#........§§§§§§§.....,,*
*,,,,,*....M.....§§§§§.....,,*


You could see 3 greater mummies, 3 emperor scorpions, 3 mummy priests, 2
guardian mummies and 2 mummies.

Vanquished Creatures
  Antaeus (Coc:7)
  Asmodeus (Geh:7)
  the Royal Jelly (Slime:5)
  Ereshkigal (Tar:7)
  the Serpent of Hell (Geh:7)
  Dispater (Dis:7)
  Khufu (Crypt:2)
  14 ancient liches
  3 orbs of fire (Zot:4)
  3 juggernauts
  Mennas (Crypt:2)
  Sojobo (Vaults:1)
  13 shard shrikes
  4 greater mummies
  Bai Suzhen (Spider:3)
  The ghost of Hynwimna the Slayer, a veteran MiGl of Okawaru (Elf:1)
  Boris (thrice) (Vaults:2 Depths:3 Tomb:1)
  3 Killer Klowns (Zot:5)
  Saint Roka (Vaults:3)
  Geryon (Hell)
  A curse toe (Zot:5)
  A caustic shrike (Depths:4)
  12 golden dragons
  8 doom hounds
  15 bone dragons
  16 Brimstone Fiends
  8 liches
  11 iron giants
  20 Tzitzimimeh
  Arachne (Spider:2)
  4 electric golems
  12 Ice Fiends
  26 tentacled monstrosities
  Rupert (Orc:2)
  9 Hell Sentinels
  2 hellephants
  Asterion (Spider:2)
  25 Orb Guardians
  10 quicksilver dragons
  6 titans
  3 Executioners
  Frances (D:14)
  A kraken (Abyss:2)
  A deep elf blademaster (Elf:2)
  19 acid blobs
  7 tentacled starspawn
  25 ancient champions
  10 sphinxes
  13 death cobs
  3 eldritch tentacles
  Kirke (Spider:3)
  The ghost of Detar the Severer, an adept HOFi of Beogh (Spider:3)
  11 shadow dragons
  4 draconian monks
  16 tengu reavers
  13 storm dragons
  Donald (Elf:2)
  17 fire giants
  16 azure jellies
  3 revenants
  The ghost of browni3141 the Bludgeoner, a journeyman MiFi of Trog (Depths:2)
  21 vault wardens
  12 frost giants
  7 ghost moths
  2 orc warlords
  7 draconian scorchers
  7 deep elf sorcerers
  21 balrugs
  15 iron dragons
  4 draconian shifters
  Aizul (Spider:2)
  4 curse skulls
  7 emperor scorpions
  9 deep elf elementalists
  10 draconian stormcallers
  10 ironheart preservers
  5 draconian knights
  A cacodemon (Hell)
  5 elemental wellsprings
  A spriggan defender (Depths:3)
  5 draconian annihilators
  43 very ugly things
  An ophan (Abyss:3)
  17 stone giants
  82 reapers
  2 entropy weavers (Spider:4)
  6 green draconians
  11 black draconians
  A green draconian (shapeshifter) (Elf:1)
  10 deep elf demonologists
  23 war gargoyles
  4 vampire knights
  8 yellow draconians
  11 red draconians
  A lorocyproca (Dis:5)
  8 deep elf annihilators
  A dire elephant (D:15)
  11 purple draconians
  11 white draconians
  5 merfolk javelineers (Shoals:4)
  11 spark wasps
  Snorg (Orc:2)
  12 deep elf death magi
  2 eidola (Crypt:2)
  12 ettins
  5 quicksilver dragon zombies
  4 green deaths
  11 mummy priests
  8 jiangshi
  Josephine (D:14)
  A fire dragon (shapeshifter) (Elf:1)
  12 merfolk impalers
  19 blizzard demons
  15 yaktaur captains
  14 fire dragons
  36 vault guards
  4 deep elf high priests
  A spectral kraken (Tar:7)
  3 kraken zombies
  21 death oozes
  13 great orbs of eyes
  5 rakshasas
  3 hell beasts
  Erolcha (Orc:2)
  4 quicksilver dragon skeletons
  A ghost crab (Tar:3)
  39 ice dragons
  4 merfolk avatars
  A catoblepas (Lair:6)
  7 hydras
  2 spriggan air magi
  Erica (D:8)
  An alligator snapping turtle (Shoals:2)
  2 merfolk aquamancers
  8 death knights
  7 centaur warriors
  33 dancing weapons
  11 ogre magi
  22 two-headed ogres
  12 death yaks
  13 deep troll earth magi
  54 hell hogs
  9 death scarabs (Tomb:2)
  2 tengu warriors
  12 deep troll shamans
  Urug (D:13)
  13 iron golems
  4 spriggan berserkers
  11 titan zombies
  9 vampire magi
  5 orc high priests (Orc:2)
  16 soul eaters
  24 thrashing horrors
  2 storm dragon zombies
  28 sun demons
  11 wretched stars
  174 skeletal warriors
  19 deep elf knights
  51 hell knights
  A fire crab (shapeshifter) (Vaults:2)
  3 sixfirhies
  2 iron trolls (shapeshifter) (Vaults:5)
  19 iron trolls
  3 shadow wraiths
  A death drake (shapeshifter) (Vaults:5)
  3 spatial maelstroms
  4 titan skeletons
  22 deep trolls
  9 sea snakes
  6 golden dragon zombies
  A death drake (Tar:5)
  8 storm dragon skeletons
  30 flayed ghosts
  A spriggan druid (Elf:2)
  An orange crystal statue (Depths:3)
  8 glowing orange brains
  A swamp dragon (shapeshifter) (Vaults:2)
  7 wizards
  22 ironbrand convokers
  6 unseen horrors
  2 tengu zombies
  14 anaconda zombies
  4 ghost moth zombies
  4 golden dragon skeletons
  10 wolf spider zombies
  7 anaconda skeletons
  21 shadow demons
  8 shadow dragon zombies
  A sphinx zombie (Crypt:1)
  24 necromancers
  21 harpies
  14 deep elf archers
  8 iron dragon zombies
  22 orb spiders
  13 phantasmal warriors
  2 shadow dragon skeletons
  25 orc knights
  10 stone giant zombies
  6 fauns
  3 oklob plants (Lair:5)
  7 fire giant zombies
  5 orc sorcerers
  11 cyclopes
  7 frost giant zombies
  72 deep elf magi
  31 wolf spiders
  12 manticores
  26 moths of wrath
  2 shining eyes
  2 worldbinders
  An elephant (Lair:5)
  65 ugly things
  3 iron dragon skeletons
  A shock serpent zombie (Geh:1)
  4 black mambas
  11 merfolk sirens
  A fire giant skeleton (Tar:3)
  A guardian serpent (shapeshifter) (Elf:1)
  A titan simulacrum (Tar:5)
  10 stone giant skeletons
  5 frost giant skeletons
  A guardian serpent (Abyss:3)
  51 rust devils
  2 dire elephant zombies
  15 vault sentinels
  4 water nymphs
  6 dire elephant skeletons
  16 spectral swamp worms
  An apocalypse crab (Abyss:2)
  15 spiny frogs
  An alligator snapping turtle zombie (Crypt:1)
  2 molten gargoyles (Geh:7)
  9 ice statues
  A storm dragon simulacrum (Vaults:1)
  A shock serpent skeleton (Crypt:2)
  10 smoke demons
  36 hellions
  8 efreet
  2 rime drakes
  2 minotaur zombies
  5 komodo dragons
  3 kobold demonologists (D:13)
  7 orange demons
  3 yaktaurs (shapeshifter)
  A catoblepas zombie (Tar:5)
  A yellow draconian zombie (Crypt:1)
  An entropy weaver simulacrum (Spider:3)
  48 freezing wraiths
  3 spriggan zombies
  40 yaktaurs
  3 emperor scorpion zombies
  3 anaconda simulacra (IceCv)
  17 demonic crawlers
  50 tormentors
  10 guardian mummies
  A queen bee (Abyss:3)
  2 ancient zymes
  3 silent spectres
  A green draconian skeleton (Crypt:3)
  48 ice devils
  A catoblepas skeleton (Geh:7)
  27 red devils
  24 hydra zombies
  A redback zombie (Crypt:1)
  4 harpy zombies
  2 queen bees (shapeshifter)
  A sea snake skeleton (Crypt:2)
  2 tengu conjurers
  2 polar bears (shapeshifter)
  A troll (shapeshifter) (Vaults:3)
  5 meliai (Abyss:3)
  8 polar bears
  A yaktaur skeleton (Vaults:1)
  26 jumping spiders
  24 merfolk
  4 trolls
  3 wind drakes
  A tarantella zombie (Crypt:2)
  21 large abominations
  15 blink frogs
  A stone giant simulacrum (Abyss:3)
  A hornet (shapeshifter) (Elf:1)
  2 spectral tarantellas (Spider:3)
  A dream sheep (shapeshifter) (Abyss:3)
  8 fire dragon zombies
  5 hydra skeletons
  4 tyrant leeches (Spider:3)
  12 raiju (Abyss:3)
  160 slime creatures
  5 ice dragon zombies
  3 bog bodies (Coc:7)
  2 wolf spider simulacra
  A harpy skeleton (Geh:1)
  12 hornets
  10 alligator zombies
  8 snapping turtles
  12 ettin zombies
  12 hippogriffs
  3 meliai zombies
  17 dream sheep
  7 fire dragon skeletons
  2 black mamba zombies
  A tarantella (shapeshifter) (Elf:1)
  4 alligator skeletons
  118 flying skulls
  2 spriggans (shapeshifter)
  2 dire elephant simulacra (IceCv)
  39 shadows
  31 tarantellas
  2 ushabtiu (Tomb:1)
  17 spriggans
  24 water elementals
  2 air elementals
  5 vampires
  6 ice dragon skeletons
  24 fire elementals
  49 wraiths
  6 ynoxinuls
  A black mamba skeleton (Geh:5)
  33 starcursed masses (Abyss:3)
  47 redbacks
  A yak (shapeshifter) (Vaults:2)
  A golden eye (shapeshifter) (Vaults:4)
  4 wyverns
  10 hungry ghosts
  3 basilisks
  9 ettin skeletons
  12 golden eyes
  35 yaks
  A hog (Spider:3)
  3 neqoxecs
  A human simulacrum (Vaults:3)
  Menkaure (D:4)
  4 chaos spawn
  4 vampire mosquitoes (D:14)
  A redback simulacrum (Spider:3)
  3 wargs
  A harpy simulacrum (IceCv)
  An acid dragon (D:12)
  8 human zombies
  A spatial vortex (Abyss:2)
  A soldier ant (D:15)
  13 water moccasins
  3 hydra simulacra
  3 two-headed ogre zombies (WizLab)
  5 spiny frog zombies
  2 spectral orb spiders (Spider:3)
  Duvessa (D:7)
  An iron troll simulacrum (IceCv)
  91 hell hounds
  2 ogre skeletons
  2 jumping spider simulacra (Spider:3)
  A floating eye (shapeshifter) (Depths:3)
  A floating eye (Slime:3)
  A tarantella simulacrum (Spider:3)
  5 porcupines
  3 sky beasts
  4 manticore zombies
  A merfolk skeleton (Coc:6)
  66 orc warriors
  5 spiny frog skeletons
  A torturous demonspawn skeleton (Crypt:3)
  22 ice beasts
  An ettin simulacrum (IceCv)
  6 eyes of draining
  6 snapping turtle zombies
  5 black bears
  3 swamp dragon zombies
  24 wolves
  26 necrophages
  16 boggarts
  17 phantoms
  2 alligator simulacra
  An ice dragon simulacrum (Depths:1)
  2 elf skeletons
  18 small abominations
  37 ogres
  17 centaurs
  4 snapping turtle skeletons
  14 crocodiles
  2 manticore skeletons
  5 swamp dragon skeletons
  2 elf zombies
  8 big kobolds
  A big kobold (shapeshifter) (Elf:3)
  23 bullfrogs
  Dowan (D:7)
  7 earth elementals
  An orb spider simulacrum (Spider:3)
  2 water moccasin zombies
  4 wyvern skeletons
  2 scorpions
  A water moccasin skeleton (D:5)
  17 killer bees
  12 troll zombies
  An electric eel (D:13)
  A spriggan skeleton (Geh:3)
  86 wights
  A howler monkey (shapeshifter) (Elf:1)
  A raiju skeleton (Crypt:3)
  4 howler monkeys
  17 crimson imps
  3 centaur zombies
  A basilisk zombie (Crypt:2)
  4 quasits
  3 bullfrog zombies
  7 jellies
  34 orc priests
  Crazy Yiuf (D:2)
  7 hounds
  47 iron imps
  5 centaur skeletons
  A gnoll shaman (D:4)
  7 bullfrog skeletons
  26 orc wizards
  A black bear skeleton (Crypt:3)
  6 iguanas
  9 hell rats
  7 worker ants
  A naga zombie (Dis:2)
  18 ogre zombies
  A crocodile skeleton (Crypt:2)
  2 naga skeletons
  2 tengu skeletons
  2 acid dragon skeletons
  A felid skeleton (Crypt:2)
  A hound zombie (D:6)
  A hound skeleton (Crypt:1)
  13 mummies
  10 gnolls
  A howler monkey zombie (D:6)
  2 worker ant zombies
  An ogre simulacrum (Hell)
  8 adders
  10 shadow imps
  30 white imps
  2 ufetubi
  An ooze (shapeshifter) (Elf:1)
  An adder skeleton (D:8)
  An adder zombie (D:5)
  4 worms
  A worm (shapeshifter) (Elf:1)
  4 dart slugs
  10 leopard geckos
  130 orcs
  8 bats
  9 giant cockroaches
  9 goblins
  10 hobgoblins
  11 jackals
  9 kobolds
  7 quokkas
  A ball python (D:1)
  6 frilled lizards
  3 goblin skeletons (D:11)
  A goblin zombie (D:11)
  A hobgoblin skeleton (D:11)
  2 jackal skeletons
  A kobold zombie (Crypt:3)
  2 leopard gecko zombies
  5 orc skeletons
  11 orc zombies
  A quokka skeleton (D:8)
  7 rats
  2 river rat zombies
  2 crawling corpses (Elf:3)
  A lurking horror (Abyss:2)
  7 starspawn tentacles
  18 tentacles
  2 withered plants (Crypt:3)
4911 creatures vanquished.

Vanquished Creatures (collateral kills)
  An orb of fire (Zot:4)
1 creature vanquished.

Vanquished Creatures (others)
  2 eldritch tentacles
  An ironheart preserver (Vaults:2)
  2 stone giants
  An entropy weaver (Vaults:2)
  Nessos (D:14)
  A kraken zombie (Coc:7)
  2 yaktaur captains
  4 centaur warriors
  A vault guard (Vaults:2)
  An ogre mage (Vaults:2)
  2 hell hogs
  7 two-headed ogres (Vaults:2)
  A satyr (Shoals:2)
  3 deep elf knights
  3 deep elf archers
  2 ironbrand convokers
  An orc knight (Vaults:2)
  A faun (Shoals:3)
  2 deep elf magi (Elf:2)
  5 cyclopes
  A fire giant skeleton (Geh:4)
  2 vault sentinels
  10 yaktaurs
  A hydra skeleton (Geh:6)
  A fire dragon zombie (Coc:3)
  3 flying skulls
  2 redbacks
  3 tarantellas
  A wraith (Geh:1)
  A large abomination (Abyss:3)
  A phantom (Geh:7)
  2 ogres (Vaults:2)
  8 centaurs
  2 small abominations (Abyss:3)
  2 orc priests
  An iron imp (Dis:7)
  A hell rat (Hell)
  An orc (Vaults:2)
  A kobold (D:12)
  A bush (Lair:6)
  16 fungi
  A lurking horror (Abyss:3)
  14 plants
  11 starspawn tentacles
  35 tentacles
165 creatures vanquished.

Grand Total: 5077 creatures vanquished

Notes
Turn   | Place    | Note
-------+----------+-------------------------------------------
     0 | D:1      | Faca the Merfolk Gladiator began the quest for the Orb.
     0 | D:1      | Reached XP level 1. HP: 16/16 MP: 1/1
   207 | D:1      | Reached XP level 2. HP: 23/23 MP: 2/2
   214 | D:1      | Reached skill level 5 in Polearms
   348 | D:1      | Reached XP level 3. HP: 20/29 MP: 3/3
  1253 | D:2      | Found a runed translucent door.
  1254 | D:2      | Noticed Crazy Yiuf
  1379 | D:2      | Reached XP level 4. HP: 33/37 MP: 4/4
  1391 | D:2      | Found an opulent altar of Gozag.
  1403 | D:2      | Found Gozag's Platinum Reserve.
  1968 | D:2      | Killed Crazy Yiuf
  1968 | D:2      | Reached XP level 5. HP: 30/42 MP: 0/5
  2192 | D:3      | Found a glowing golden altar of the Shining One.
  2199 | D:3      | Became a worshipper of the Shining One
  3004 | D:4      | Noticed Menkaure
  3020 | D:4      | Killed Menkaure
  3020 | D:4      | Reached skill level 5 in Fighting
  3020 | D:4      | Reached XP level 6. HP: 21/51 MP: 6/6
  3294 | D:4      | Found a staircase to the Ecumenical Temple.
  3489 | D:4      | Reached XP level 7. HP: 37/57 MP: 7/7
  4163 | D:5      | Entered Level 5 of the Dungeon
  4231 | D:5      | Reached * piety under the Shining One
  4405 | D:5      | Reached skill level 10 in Polearms
  4405 | D:5      | Reached XP level 8. HP: 31/67 MP: 8/8
  5416 | D:6      | Reached ** piety under the Shining One
  5478 | D:6      | Reached skill level 1 in Shields
  5513 | D:6      | Found a shimmering altar of Xom.
  5516 | D:6      | Found a shimmering altar of Xom.
  5516 | D:6      | Found a shimmering altar of Xom.
  5516 | D:6      | Found a shimmering altar of Xom.
  5527 | D:6      | Found a shimmering altar of Xom.
  5528 | D:6      | Found a shimmering altar of Xom.
  5528 | D:6      | Found a shimmering altar of Xom.
  5679 | D:6      | Found Ifif's General Store.
  5896 | D:7      | Reached XP level 9. HP: 75/75 MP: 9/9
  5993 | D:7      | Reached skill level 5 in Dodging
  6454 | D:7      | Noticed Duvessa
  6458 | D:7      | Noticed Dowan
  6475 | D:7      | Killed Duvessa
  6499 | D:7      | Killed Dowan
  6819 | D:8      | Reached *** piety under the Shining One
  7014 | D:8      | Noticed Erica
  7026 | D:8      | Killed Erica
  7026 | D:8      | Reached XP level 10. HP: 62/85 MP: 10/10
  7450 | D:8      | Reached skill level 10 in Fighting
  7450 | D:8      | Reached skill level 5 in Shields
  7495 | D:8      | Found Celeud's Magic Scroll Emporium.
  7506 | D:8      | Bought a scroll of noise for 13 gold pieces
  7834 | D:9      | Reached **** piety under the Shining One
  7874 | D:9      | Noticed a two-headed ogre
  7886 | D:9      | Killed a two-headed ogre
  8317 | D:9      | Found a staircase to the Lair.
  8370 | D:9      | Found Nalifadgh's Food Shoppe.
  8560 | D:10     | Entered Level 10 of the Dungeon
  8685 | D:10     | Reached XP level 11. HP: 90/92 MP: 11/11
  9797 | D:11     | Noticed an unseen horror
  9808 | D:11     | Killed an unseen horror
  9831 | D:11     | Noticed an eight-headed hydra
 10323 | D:11     | Noticed a brown ugly thing
 10335 | D:11     | Killed a brown ugly thing
 10393 | D:11     | Noticed a manticore
 10408 | D:11     | Killed a manticore
 10408 | D:11     | Reached skill level 10 in Dodging
 10558 | D:11     | Reached ***** piety under the Shining One
 10588 | D:11     | Found a staircase to the Orcish Mines.
 10871 | D:11     | Got a pitted chain mail
 10882 | D:11     | Identified the cursed +0 chain mail "Akhent" {+Inv rF-
                  | rCorr Int+4 Dex+2} (You found it on level 11 of the
                  | Dungeon)
 11085 | D:11     | Killed an eight-headed hydra
 11699 | Lair:1   | Entered Level 1 of the Lair of Beasts
 11842 | D:9      | Reached skill level 15 in Polearms
 11891 | Lair:1   | Reached XP level 12. HP: 87/102 MP: 12/12
 13880 | Lair:2   | Noticed a five-headed hydra
 13890 | Lair:2   | Killed a five-headed hydra
 14732 | Lair:3   | Found a hole to the Spider Nest.
 14876 | Lair:3   | Found a staircase to the Shoals.
 15361 | Lair:3   | Reached XP level 13. HP: 77/109 MP: 13/13
 17076 | Lair:5   | Reached skill level 10 in Shields
 17363 | Lair:5   | Found a staircase to the Slime Pits.
 17420 | Lair:5   | Identified Kelita's Reference Book on Supportive Boosts
 18285 | Lair:5   | Reached ****** piety under the Shining One
 18905 | Lair:6   | Entered Level 6 of the Lair of Beasts
 19060 | Lair:5   | Reached XP level 14. HP: 81/119 MP: 14/14
 19432 | Lair:6   | Found a shadowy altar of Dithmenos.
 21629 | Orc:1    | Entered Level 1 of the Orcish Mines
 21939 | Orc:1    | Found Labihode's Assorted Antiques.
 21942 | Orc:1    | Bought a scroll labeled LEOCYTTIROK for 28 gold pieces
 22252 | Orc:2    | Entered Level 2 of the Orcish Mines
 22259 | Orc:2    | Noticed Rupert
 22309 | Orc:2    | Killed Rupert
 22309 | Orc:2    | Reached skill level 15 in Dodging
 22557 | Orc:2    | Noticed Erolcha
 22569 | Orc:2    | Killed Erolcha
 23112 | Orc:2    | Found a staircase to the Elven Halls.
 23455 | Orc:2    | Found a roughly hewn altar of Beogh.
 23609 | Orc:2    | Noticed Snorg
 23620 | Orc:2    | Killed Snorg
 23620 | Orc:2    | Reached XP level 15. HP: 121/127 MP: 15/15
 23644 | Orc:2    | Found Roisio Zadu's Antique Armour Boutique.
 23681 | Orc:2    | Found Xewn's Food Shop.
 23894 | Orc:2    | Reached skill level 15 in Fighting
 24113 | Orc:2    | Noticed an orc warlord
 24154 | Orc:2    | Killed an orc warlord
 24478 | Orc:2    | Found Odiskeof's General Store.
 24671 | Orc:2    | Found Exoephea's Book Shop.
 24702 | Orc:2    | Found a roughly hewn altar of Beogh.
 25032 | Orc:2    | Bought a glowing helmet for 217 gold pieces
 25121 | Orc:1    | Bought a potion of resistance for 280 gold pieces
 25121 | Orc:1    | Bought a scroll of identify for 56 gold pieces
 25218 | D:8      | Bought a scroll of enchant armour for 97 gold pieces
 25281 | D:6      | Bought a scroll of acquirement for 520 gold pieces
 25281 | D:6      | Bought a scroll of remove curse for 30 gold pieces
 25281 | D:6      | Bought a scroll of blinking for 75 gold pieces
 25282 | D:6      | Got a shimmering pewter ring
 25284 | D:6      | Identified the ring "Arivvowa" {MP+9 Dex+3} (You acquired
                  | it on level 6 of the Dungeon)
 25449 | Orc:2    | Bought a shiny ring mail for 203 gold pieces
 25459 | Orc:2    | Bought a shiny scale mail for 203 gold pieces
 25717 | D:12     | Got a brightly glowing cloak
 25733 | D:12     | Identified the cursed -6 cloak of Greater Demons {rC+
                  | Slay+2} (You found it on level 12 of the Dungeon)
 26721 | D:13     | Noticed Urug
 26746 | D:13     | Killed Urug
 27135 | D:13     | Found a gate to the Vaults.
 28233 | D:14     | Identified the Catalogue of Earth and Weightlessness
 28257 | D:14     | Noticed Frances
 28278 | D:14     | Killed Frances
 28298 | D:14     | Noticed Josephine
 28310 | D:14     | Reached XP level 16. HP: 138/138 MP: 16/16
 28318 | D:14     | Killed Josephine
 28379 | D:14     | Found an iron altar of Okawaru.
 28410 | D:14     | Noticed Nessos
 28422 | D:14     | Killed Nessos
 28834 | D:14     | Found Mill's Assorted Antiques.
 28840 | D:14     | Bought a cyan potion for 35 gold pieces
 29234 | Shoals:1 | Entered Level 1 of the Shoals
 29287 | Shoals:1 | Reached skill level 1 in Invocations
 31060 | Shoals:2 | Reached skill level 5 in Invocations
 31460 | Shoals:3 | Noticed a kraken
 31654 | Shoals:3 | Noticed a kraken
 31996 | Shoals:3 | Found a sparkling altar of Nemelex Xobeh.
 32793 | Shoals:4 | Entered Level 4 of the Shoals
 32857 | Shoals:4 | Reached XP level 17. HP: 146/146 MP: 21/21
 34802 | Shoals:4 | Got a barnacled rune of Zot
 35484 | Spider:1 | Entered Level 1 of the Spider Nest
 35988 | Spider:2 | Noticed Arachne
 36211 | Spider:2 | Killed Arachne
 36305 | Spider:2 | Noticed Aizul
 36335 | Spider:2 | Killed Aizul
 36552 | Spider:2 | Identified the +5 giant club "Koah" {freeze, Str+6 Stlth-}
                  | (You found it on level 2 of the Spider Nest)
 36818 | Spider:2 | Noticed Asterion
 36838 | Spider:2 | Killed Asterion
 37320 | Spider:3 | Reached XP level 18. HP: 109/155 MP: 24/24
 38212 | Spider:2 | Reached skill level 15 in Shields
 39118 | Spider:3 | Found a runed translucent gate.
 39118 | Spider:3 | Found a runed translucent gate.
 39118 | Spider:3 | Found a runed translucent gate.
 39118 | Spider:3 | Noticed Detar's ghost (adept HOFi)
 39145 | Spider:3 | Noticed Kirke
 39160 | Spider:3 | Killed Kirke
 39305 | Spider:4 | Entered Level 4 of the Spider Nest
 40513 | Spider:4 | Noticed Bai Suzhen
 40632 | Spider:3 | Killed Bai Suzhen
 41108 | Spider:3 | Reached skill level 10 in Invocations
 41778 | Spider:4 | Reached XP level 19. HP: 154/163 MP: 26/26
 41823 | Spider:4 | Got a gossamer rune of Zot
 41848 | Spider:4 | Identified the +5 plate armour of Hysteria {Dex+2} (You
                  | found it on level 4 of the Spider Nest)
 42314 | Vaults:1 | Entered Level 1 of the Vaults
 42718 | Vaults:1 | Found a glowing silver altar of Zin.
 45098 | Vaults:2 | Found a flickering gateway to a bazaar.
 45108 | Bazaar   | Entered a bazaar
 45391 | Bazaar   | Found Olomaxtu's Gadget Emporium.
 45411 | Bazaar   | Found Ruiwkuq's Antique Weapon Shoppe.
 45433 | Bazaar   | Found Punupsod's General Store.
 45433 | Bazaar   | Found Emorphu's Armour Shoppe.
 45455 | Bazaar   | Found Diet's General Store.
 45486 | Bazaar   | Bought a potion of resistance for 130 gold pieces
 45486 | Bazaar   | Bought a potion of curing for 39 gold pieces
 45486 | Bazaar   | Bought a potion of might for 52 gold pieces
 45500 | Bazaar   | Bought a +2 hat of magic resistance for 378 gold pieces
 45506 | Bazaar   | Bought a scroll of identify for 18 gold pieces
 45506 | Bazaar   | Bought a scroll of teleportation for 27 gold pieces
 46525 | Vaults:2 | Found a shattered altar of Ashenzari.
 46541 | Vaults:2 | Found a staircase to the Crypt.
 46548 | Vaults:2 | Reached XP level 20. HP: 144/174 MP: 29/29
 46895 | Vaults:2 | Reached skill level 1 in Armour
 46931 | Vaults:2 | Noticed Boris
 46932 | Vaults:2 | Noticed Sojobo
 46938 | Vaults:2 | Identified a +4 trishula of holy wrath (a +2 demon trident
                  | of freezing blessed by the Shining One)
 46938 | Vaults:2 | Received a gift from the Shining One
 46945 | Vaults:2 | Killed Boris
 48749 | Vaults:3 | Identified the +3 chain mail of Uluasesa {rF+ rC+ Str+4
                  | Int+2} (You found it on level 3 of the Vaults)
 50179 | Vaults:3 | Identified the cursed +0 chain mail "Tusen" {rC+} (You
                  | found it on level 3 of the Vaults)
 50280 | Vaults:3 | Noticed Saint Roka
 50604 | Vaults:3 | Killed Saint Roka
 51653 | Vaults:4 | Found Dosynn's Antique Armour Boutique.
 51686 | Vaults:4 | Reached XP level 21. HP: 181/181 MP: 30/30
 52376 | Vaults:4 | Got a scorched platinum ring
 52377 | Vaults:4 | Identified the cursed ring of Bahaana {MR+ Int-4} (You
                  | found it on level 4 of the Vaults)
 52858 | D:15     | Entered Level 15 of the Dungeon
 52964 | D:15     | Found a snail-covered altar of Cheibriados.
 53092 | D:15     | Reached skill level 5 in Armour
 53141 | D:15     | Found a staircase to the Depths.
 53617 | Elf:1    | Entered Level 1 of the Elven Halls
 53677 | Elf:1    | Found Ekuclin's General Store.
 54909 | Elf:1    | Found a roughly hewn altar of Beogh.
 54987 | Elf:1    | Found a transporter.
 55003 | Elf:1    | Found a transporter.
 55018 | Elf:1    | Noticed Hynwimna's ghost (veteran MiGl)
 55267 | Elf:2    | Noticed Donald
 55276 | Elf:2    | Killed Donald
 55322 | Elf:2    | Found a frozen archway.
 55332 | IceCv    | Entered an ice cave
 55676 | IceCv    | Reached XP level 22. HP: 166/190 MP: 32/32
 55814 | Elf:2    | Found Taxzoah's Weapon Emporium.
 56051 | Elf:2    | Found a runed translucent gate.
 56051 | Elf:2    | Found a runed translucent gate.
 56056 | Elf:2    | Found a runed translucent gate.
 57086 | Elf:3    | Entered Level 3 of the Elven Halls
 57156 | Elf:3    | Found a magical portal.
 57491 | WizLab   | Noticed an antique lich
 57504 | WizLab   | Killed an antique lich
 57534 | WizLab   | Found the +9 sword of Zonguldrok {reap}
 58517 | Elf:3    | Identified the +5 war axe "Nethres" {chop, +Fly rF- rC+
                  | MR+}
 58540 | Elf:3    | Identified the ring "Kikhej" {+Blink Stlth+}
 58571 | Elf:3    | Identified the +8 flail of the Median {crush, *Rage rN+
                  | MR++ Str+2}
 58582 | Elf:3    | Identified the +5 long sword "Orb Guardian's Doom" {flame,
                  | rPois Int-2 Stlth+}
 58784 | Elf:3    | Identified the +7 leather armour of the Turtledove {+Inv
                  | MR+}
 58882 | Elf:3    | Identified Sif Muna's Catalogue of Feathers
 58884 | Elf:3    | Identified the Compendium of Bewitchment
 58915 | Elf:3    | Identified the cursed +0 chain mail of the Beggar {Int+4}
                  | (You found it on level 3 of the Elven Halls)
 58918 | Elf:3    | Got a shimmering cloak
 58929 | Elf:3    | Identified the +0 cloak "Jonoy" {+Fly} (You found it on
                  | level 3 of the Elven Halls)
 58942 | Elf:3    | Identified the Papyrus of Attacks
 58961 | Elf:3    | Got a pitted wooden ring
 58962 | Elf:3    | Identified the ring of Velad {rN+ SInv} (You found it on
                  | level 3 of the Elven Halls)
 58966 | Elf:3    | Identified Taodovik's Guide on Nocuous Changing
 59390 | Lair:3   | Identified the +8 chain mail of the Other World {rF++} (You
                  | found it on level 3 of the Lair of Beasts)
 59723 | Spider:3 | Killed Detar's ghost
 60197 | Elf:1    | Reached XP level 23. HP: 191/198 MP: 34/34
 60199 | Elf:1    | Reached skill level 15 in Invocations
 60259 | Elf:1    | Killed Hynwimna's ghost
 60278 | Elf:1    | Got a flickering bone ring
 60553 | Elf:1    | Identified the cursed ring "Weix Xio" {*Corrode Str-2
                  | Int+7} (You found it on level 1 of the Elven Halls)
 60841 | Depths:1 | Entered Level 1 of the Depths
 61189 | Depths:1 | Found a gateway to a ziggurat.
 61519 | Depths:1 | Found a one-way gate to the infinite horrors of the Abyss.
 61584 | Depths:1 | Found Fenisach's Jewellery Shop.
 61585 | Depths:1 | Found Moytaz's Gadget Emporium.
 61585 | Depths:1 | Found Eruu's Gadget Emporium.
 61593 | Depths:1 | Bought a cursed ring of teleportation for 90 gold pieces
 61602 | Depths:1 | Found a gateway to Hell.
 62213 | Depths:2 | You fall into a shaft and drop 1 floor!
 62213 | Depths:3 | Found the brooch of Shielding {Reflect SH+8}
 62707 | Depths:2 | Found Ystukh's Food Emporium.
 62730 | Depths:2 | Found Xyuqegg's Food Shoppe.
 62730 | Depths:2 | Found Menuth's Antique Armour Emporium.
 62734 | Depths:2 | Found Qylek's Jewellery Shoppe.
 62829 | Depths:2 | Noticed a juggernaut
 62855 | Depths:2 | Killed a juggernaut
 63511 | Depths:2 | Found a runed translucent gate.
 63512 | Depths:2 | Found a runed translucent gate.
 63513 | Depths:2 | Found a runed translucent gate.
 63514 | Depths:2 | Noticed browni3141's ghost (journeyman MiFi)
 63520 | Depths:2 | Found a viscous altar of Jiyva.
 63573 | Depths:2 | Reached XP level 24. HP: 208/208 MP: 34/34
 63630 | Depths:2 | Found Nenteor's Weapon Emporium.
 63767 | Depths:2 | Identified the +7 scale mail of Aneanicuxt {Int+6} (You
                  | found it on level 2 of the Depths)
 64007 | Depths:3 | Noticed Boris
 64020 | Depths:3 | Killed Boris
 64042 | Depths:3 | Found Reden's Book Shop.
 64247 | Depths:3 | Found a one-way gate leading to the halls of Pandemonium.
 64633 | Depths:3 | Found the +8 autumn katana {slice, Clar}
 65949 | Depths:4 | Found a corrupted altar of Lugonu.
 65981 | Depths:4 | Noticed a juggernaut
 66005 | Depths:4 | Killed a juggernaut
 66785 | Depths:4 | Reached XP level 25. HP: 216/216 MP: 34/34
 67049 | Depths:4 | Got a translucent ruby amulet
 67050 | Depths:4 | Identified the amulet "Ziga" {Faith rElec MR+++ Int-2
                  | Dex+4} (You acquired it on level 4 of the Depths)
 67282 | Depths:5 | Entered Level 5 of the Depths
 67730 | Depths:5 | Found a gate to the Realm of Zot.
 67737 | Depths:5 | Reached skill level 10 in Armour
 68316 | Depths:5 | Noticed a juggernaut
 68338 | Depths:5 | Killed a juggernaut
 69133 | D:14     | Bought polished fire dragon scales for 2535 gold pieces
 69133 | D:14     | Identified the +3 fire dragon scales of Duck's Teeth {rElec
                  | rPois rF++ rC- rN+ Str-2} (You bought it in a shop on level
                  | 14 of the Dungeon)
 69239 | Depths:2 | Bought a pitted plate armour for 1148 gold pieces
 69239 | Depths:2 | Bought a transparent plate armour for 1148 gold pieces
 69239 | Depths:2 | Identified the +9 plate armour of the Eight Souls {rPois
                  | Str+2} (You bought it in a shop on level 2 of the Depths)
 69240 | Depths:2 | Identified the +8 plate armour "Cewul" {Regen+ Str+7 Int+3
                  | Stlth+} (You bought it in a shop on level 2 of the Depths)
 69598 | Vaults:5 | Entered Level 5 of the Vaults
 69725 | Vaults:5 | Reached skill level 27 in Polearms
 69985 | Vaults:5 | Noticed an ancient lich
 70229 | Vaults:4 | Reached XP level 26. HP: 186/226 MP: 34/34
 70922 | Vaults:5 | Noticed an ancient lich
 71077 | Vaults:5 | Noticed an ancient lich
 71093 | Vaults:5 | Killed an ancient lich
 71095 | Vaults:5 | Killed an ancient lich
 71095 | Vaults:5 | Killed an ancient lich
 72442 | Vaults:5 | Got a silver rune of Zot
 72561 | Vaults:5 | Identified Ceodain's Handbook of Moulding
 72626 | Vaults:5 | Identified the Tome of Cloudy Transformation
 72655 | Vaults:5 | Noticed an ancient lich
 72669 | Vaults:5 | Killed an ancient lich
 72669 | Vaults:5 | Reached XP level 27. HP: 236/236 MP: 35/35
 72924 | Vaults:5 | Got a wavering lead amulet
 72925 | Vaults:5 | Identified the amulet "Eblapp" {Faith rF+ rC++ Slay+3} (You
                  | acquired it on level 5 of the Vaults)
 73247 | Depths:2 | Bought the amulet of the King {Reflect +Blink rPois rC+
                  | Dex+4 SH+4} for 666 gold pieces
 73247 | Depths:2 | Bought an uncursed ring of stealth for 192 gold pieces
 73248 | Depths:2 | Bought an uncursed amulet of rage for 440 gold pieces
 73368 | Depths:2 | Killed browni3141's ghost
 73504 | Depths:2 | Voluntarily entered the Abyss.
 73925 | Abyss:2  | Gained mutation: Your spells are a little easier to cast,
                  | but a little less powerful. [a neqoxec]
 74245 | Abyss:2  | Found a viscous altar of Jiyva.
 74949 | Abyss:3  | Paralysed by accursed screaming for 1 turns
 75447 | Abyss:3  | Paralysed by accursed screaming for 1 turns
 75531 | Abyss:3  | Got an abyssal rune of Zot
 75603 | Abyss:3  | Found a corrupted altar of Lugonu.
 75700 | Depths:2 | Escaped the Abyss
 75819 | Zot:1    | Entered Level 1 of the Realm of Zot
 75967 | Zot:1    | Reached skill level 27 in Dodging
 76548 | Zot:1    | You fall into a shaft and drop 1 floor!
 77065 | Zot:2    | Reached skill level 5 in Throwing
 79629 | Zot:3    | You fall into a shaft and drop 1 floor!
 82043 | Zot:5    | Entered Level 5 of the Realm of Zot
 82644 | Zot:5    | Reached skill level 10 in Throwing
 82712 | Zot:5    | Noticed an ancient lich
 82718 | Zot:5    | Killed an ancient lich
 82737 | Zot:5    | Noticed an ancient lich
 82739 | Zot:5    | Noticed an ancient lich
 82929 | Zot:4    | Killed an ancient lich
 82966 | Zot:4    | Killed an ancient lich
 83302 | Zot:5    | Noticed an orb of fire
 83305 | Zot:5    | Noticed an orb of fire
 83307 | Zot:5    | Noticed an orb of fire
 83333 | Zot:4    | Gained mutation: You are somewhat resistant to further
                  | mutation. [an orb of fire]
 83334 | Zot:4    | Gained mutation: Armour fits poorly on your strangely
                  | shaped body. [an orb of fire]
 83339 | Zot:4    | Killed an orb of fire
 84185 | Slime:1  | Entered Level 1 of the Pits of Slime
 85262 | Slime:3  | Paralysed by a floating eye for 2 turns
 86283 | Slime:5  | Entered Level 5 of the Pits of Slime
 87109 | Slime:5  | Noticed the Royal Jelly
 87879 | Slime:5  | Killed the Royal Jelly
 88279 | Slime:5  | Got a slimy rune of Zot
 88305 | Slime:5  | Identified Sif Muna's Tome of Curses and Cold
 88352 | Slime:5  | Got a glittering tin ring
 88353 | Slime:5  | Identified the ring of Meoss {MR+ Str+5 Stlth+} (You
                  | acquired it on level 5 of the Pits of Slime)
 88362 | Slime:5  | Identified the Almanac of Earthen Intoxication
 89504 | Vaults:1 | Killed Sojobo
 89673 | Crypt:1  | Entered Level 1 of the Crypt
 90868 | Crypt:2  | Noticed Mennas
 90910 | Crypt:2  | Killed Mennas
 90913 | Crypt:2  | Reached skill level 27 in Fighting
 91015 | Crypt:2  | Found a burning altar of Makhleb.
 91520 | Crypt:3  | Entered Level 3 of the Crypt
 91601 | Crypt:3  | Noticed Khufu
 91605 | Crypt:3  | Noticed a greater mummy
 92140 | Crypt:2  | Killed a greater mummy
 92154 | Crypt:2  | Killed Khufu
 92272 | Crypt:3  | Found a staircase to the Tomb.
 92308 | Crypt:3  | Found the +5 demon whip "Spellbinder" {antimagic, MR+}
 92578 | Crypt:3  | Reached skill level 15 in Throwing
 92765 | Crypt:3  | Noticed an ancient lich
 92772 | Crypt:3  | Noticed an ancient lich
 92778 | Crypt:3  | Killed an ancient lich
 92786 | Crypt:3  | Killed an ancient lich
 92835 | Crypt:3  | Identified the Tome of Dark Arts
 92838 | Crypt:3  | Got a transparent silver ring
 92838 | Crypt:3  | Got a slimy steel ring
 92838 | Crypt:3  | Got a brightly glowing granite ring
 92839 | Crypt:3  | Identified the ring "Rydylaug" {rC+ rN+ Slay+3} (You found
                  | it on level 3 of the Crypt)
 92840 | Crypt:3  | Identified the ring "Ruha Jets" {*Drain rN+ Str+3 Dex+3}
                  | (You found it on level 3 of the Crypt)
 92841 | Crypt:3  | Identified the ring of Saarch {rElec rN+ Str+2 Dex+3
                  | Stlth+} (You found it on level 3 of the Crypt)
 93451 | Zot:5    | Gained mutation: Your magical capacity is low. (-10% MP)
                  | [an orb of fire]
 93455 | Zot:5    | Gained mutation: Your magical capacity is very low. (-20%
                  | MP) [an orb of fire]
 93459 | Zot:4    | Killed an orb of fire
 93696 | Zot:5    | Gained mutation: Your body sometimes deteriorates upon
                  | taking damage. [an orb of fire]
 93709 | Zot:4    | Killed an orb of fire
 94133 | Zot:5    | Noticed an ancient lich
 94148 | Zot:5    | Killed an ancient lich
 94346 | Zot:5    | Noticed an orb of fire
 94376 | Zot:4    | Gained mutation: Your body often deteriorates upon taking
                  | damage. [an orb of fire]
 94381 | Zot:4    | Killed an orb of fire
 94565 | Zot:5    | Noticed an ancient lich
 94605 | Zot:5    | Killed an ancient lich
 95386 | Hell     | Entered the Vestibule of Hell
 95386 | Hell     | Noticed Geryon
 95722 | Hell     | Killed Geryon
 95932 | Hell     | Found a gateway to the decaying netherworld of Tartarus.
 96016 | Hell     | Found a gateway to the freezing wastes of Cocytus.
 96228 | Hell     | Found a gateway to the Iron City of Dis.
 96291 | Hell     | Found a gateway to the ashen valley of Gehenna.
 96382 | Tar:1    | Entered Level 1 of Tartarus
 97381 | Tar:7    | Entered Level 7 of Tartarus
 97702 | Tar:7    | Identified the ring of Leaves {+Fly rF++ Str+4 Dex-4} (You
                  | found it on level 7 of Tartarus)
 97704 | Tar:7    | Got a wavering lapis lazuli ring
 97705 | Tar:7    | Identified the ring "Focyoppi" {rF+ MR+ Int+3} (You found
                  | it on level 7 of Tartarus)
 98188 | Tar:7    | Identified Coekley's Volume of Entrancing Summoning
 98897 | Tar:7    | Identified the amulet "Monnasog" {Faith rC+ Str-2 Slay+3}
 98897 | Tar:7    | Noticed Ereshkigal
 98914 | Tar:7    | Killed Ereshkigal
 98951 | Tar:7    | Got a bone rune of Zot
 98959 | Tar:7    | Identified the +1 ring mail "Foihe" {rC+ Regen+} (You found
                  | it on level 7 of Tartarus)
 99240 | Dis:1    | Entered Level 1 of the Iron City of Dis
101362 | Dis:5    | Reached skill level 27 in Shields
102524 | Dis:7    | Entered Level 7 of the Iron City of Dis
103962 | Dis:5    | Gained mutation: You are weak. (Str -2) [mutagenic glow]
103999 | Dis:5    | Gained mutation: You are very weak. (Str -4) [mutagenic
                  | glow]
104038 | Dis:6    | Gained mutation: You are clumsy. (Dex -2) [mutagenic glow]
105992 | Dis:7    | Identified the +4 staff of Dispater
105992 | Dis:7    | Noticed Dispater
106031 | Dis:7    | Killed Dispater
106076 | Dis:7    | Got an iron rune of Zot
106367 | Geh:1    | Entered Level 1 of Gehenna
106404 | Geh:1    | Gained mutation: Your magical capacity is extremely low.
                  | (-30% MP) [mutagenic glow]
106450 | Hell     | Gained mutation: You are occasionally teleported next to
                  | monsters. [mutagenic glow]
108031 | Geh:5    | Reached skill level 27 in Invocations
109034 | Geh:7    | Entered Level 7 of Gehenna
109310 | Geh:7    | Noticed the Serpent of Hell
109326 | Geh:7    | Killed the Serpent of Hell
109612 | Geh:7    | Identified the +2 pair of boots "Quumelaa" {rPois rN+
                  | Str+3} (You found it on level 7 of Gehenna)
109641 | Geh:7    | Got a pair of brightly glowing gloves
109644 | Geh:7    | Identified the +2 pair of gloves "Buihaow" {Dex+3} (You
                  | acquired it on level 7 of Gehenna)
110351 | Geh:7    | Identified the +7 sceptre of Asmodeus
110351 | Geh:7    | Noticed Asmodeus
110389 | Geh:7    | Killed Asmodeus
110459 | Geh:7    | Got an obsidian rune of Zot
110643 | Hell     | Lost mutation: Your body often deteriorates upon taking
                  | damage. [potion of mutation]
110643 | Hell     | Lost mutation: You are clumsy. (Dex -2) [potion of
                  | mutation]
110643 | Hell     | Lost mutation: Armour fits poorly on your strangely shaped
                  | body. [potion of mutation]
110644 | Hell     | Lost mutation: You are occasionally teleported next to
                  | monsters. [potion of mutation]
110644 | Hell     | Lost mutation: Your body sometimes deteriorates upon taking
                  | damage. [potion of mutation]
110644 | Hell     | Lost mutation: Your magical capacity is extremely low.
                  | (-30% MP) [potion of mutation]
110644 | Hell     | Gained mutation: You have a pair of small antennae on your
                  | head. [potion of mutation]
110644 | Hell     | Gained mutation: Your system is resistant to poisons.
                  | (rPois) [potion of mutation]
111315 | Coc:1    | Entered Level 1 of Cocytus
111349 | Coc:1    | Reached skill level 15 in Armour
111748 | Coc:3    | Gained mutation: You are clumsy. (Dex -2) [mutagenic glow]
112671 | Coc:6    | Noticed an ancient lich
112682 | Coc:6    | Killed an ancient lich
112836 | Coc:7    | Entered Level 7 of Cocytus
113059 | Coc:7    | Reached skill level 27 in Throwing
113608 | Coc:7    | Identified the cursed +1 dagger of Manyumue {freeze, rC+
                  | Str+4 Int+3}
113608 | Coc:7    | Noticed Antaeus
113632 | Coc:7    | Killed Antaeus
113683 | Coc:7    | Got an icy rune of Zot
114285 | Tomb:1   | Entered Level 1 of the Tomb of the Ancients
114977 | Tomb:1   | Noticed Boris
114989 | Tomb:1   | Killed Boris
115113 | Tomb:1   | Noticed a greater mummy
115122 | Tomb:1   | Killed a greater mummy
115395 | Tomb:1   | Noticed an ancient lich
115405 | Tomb:1   | Killed an ancient lich
115674 | Tomb:1   | Noticed a greater mummy
115683 | Tomb:1   | Killed a greater mummy
115899 | Tomb:2   | Noticed a greater mummy
115902 | Tomb:2   | Noticed a greater mummy
115904 | Tomb:2   | Noticed a greater mummy
115905 | Tomb:2   | Noticed a greater mummy
115911 | Tomb:2   | Killed a greater mummy
115916 | Tomb:2   | HP: 11/249 [mummy priest/divine providence (13)]
115917 | Tomb:2   | Killed from afar by a mummy priest

Levels and vault maps discovered:
D:1:      giann_horns, layout_loops_ring
D:2:      layout_basic, nicolae_gozag_zags_fifth_avenue, uniq_crazy_yiuf_cottage
D:3:      layout_loops_ring, overflow_temple_1_default
D:4:      layout_layer_cave, minmay_temple_entry_grid, first_ration,
          uniq_menkaure
D:5:      minmay_spotlight, layout_cave_pools
D:6:      layout_cave_pools, serial_shops, shop_fountains, xom_redecorated
D:7:      layout_basic, uniq_duvessa
D:8:      layout_basic, serial_shops, shop_coins, uniq_erica
D:9:      layout_roguey, lair_entry_dummy, serial_shops, nicolae_shop_stone
D:10:     layout_rooms, hangedman_fish_farm, minmay_crystal_room
D:11:     layout_basic, zombieorc1_lemuel
D:12:     layout_gridville, small_chamber_with_monster
D:13:     layout_basic, hangedman_vaults_entry_quadrant_bands, uniq_urug
D:14:     layout_basic, okawaru_ov_weapons_minmay, serial_shops, shop_statue,
          uniq_nessos, uniq_frances, uniq_josephine
D:15:     hangedman_depths_entry_try_elsewhere_first, layout_gridville,
          cheibriados_altar_1
Lair:1:   layout_chaotic_city
Lair:2:   layout_big_grid, lemuel_fruit_fields
Lair:3:   layout_chaotic_city, minmay_shoals_entry_beasts,
          spider_nest_entry_funnel_web
Lair:4:   layout_regular_city
Lair:5:   layout_concentric_octagons, slime_dummy,
          grunt_forest_large_clearing_hut, lemuel_fruit_tree,
          grunt_megastairs_1, minmay_lair_oklob_chamber
Lair:6:   minmay_lair_end_enchanted_forest, layout_layer_cave,
          lemuel_oklob_altar, grunt_megastairs_3
Shoals:1: layout_shoals
Shoals:2: layout_shoals, st_sunken_temple
Shoals:3: layout_shoals, lemuel_centaur_altar
Shoals:4: shoals_end_grunt_ice, layout_shoals
Spider:1: layout_spider_delve
Spider:2: layout_spider_delve, uniq_arachne, uniq_aizul, uniq_asterion
Spider:3: nicolae_spider_corner, gammafunk_ghost_necromancy,
          nicolae_spider_circle_web, hangedman_stitches_earthworm, uniq_kirke
Spider:4: grunt_spider_rune_parallel, uniq_bai_suzhen
Slime:1:  layout_caves
Slime:2:  layout_caves
Slime:3:  layout_caves
Slime:4:  layout_caves
Slime:5
Orc:1:    layout_diamond_mine, serial_shops, nicolae_shop_behind_doors
Orc:2:    pubby_orc_utopia, uniq_snorg, uniq_erolcha, uniq_rupert
Elf:1:    layout_loops_corners, special_room [special_room_orc],
          gammafunk_ghost_berserking_beasts, serial_shops, nicolae_shop_crystal,
          hangedman_elf_represent, elves_outpost_lemuel
Elf:2:    layout_loops_ring, serial_shops, nicolae_shop_statue_plus,
          portal_ice_cave_entry_pillars_1, kilobyte_rumbling_trees, uniq_donald
Elf:3:    minmay_elf_hall_x, layout_loops_corners, mu_enter_wizlab_3
Vaults:1: vaults_room_glass_cross, v_misc_12, ontoclasm_vaults_misaligned,
          v_misc_23, v_misc_2, grunt_vaults_swirl, vaults_room_large_hall,
          nicolae_vaults_little_squares_1, grunt_vaults_focal,
          nicolae_vaults_theta, nicolae_vaults_little_squares_1,
          vaults_room_ringed_pool, hangedman_vaults_stretched_pinwheel,
          nicolae_vaults_little_squares_3, vaults_room_pools,
          nicolae_vaults_little_squares_4, layout_vaults_maze_snakey,
          basic_altar
Vaults:2: v_alt_pattern_4, vaults_standard_mumra_lines, ontoclasm_vaults_eye,
          nicolae_vaults_little_squares_6, vaults_room_door_hall,
          vaults_dpeg_encased_lava, st_lines, v_misc_9, layout_vaults_omnigrid,
          basic_altar, serial_shops, freezing_bzr, uniq_sojobo, uniq_boris
Vaults:3: nicolae_vaults_network_quinsquares
          [nicolae_vaults_network_quincunx_subvault,
          nicolae_vaults_network_quincunx_subvault,
          nicolae_vaults_network_quincunx_subvault,
          nicolae_vaults_network_quincunx_subvault], vaults_dpeg_spiral,
          vaults_room_fours, ontoclasm_vaults_ligature, dpeg_vaults_monster_row,
          v_misc_10, grunt_vaults_bifocal,
          vaults_standard_mumra_enter_the_diamond,
          vaults_mumra_minichess_inversion, vaults_room_pool,
          nicolae_vaults_angled_halls, ontoclasm_vaults_decontamination,
          vaults_room_pools, layout_vaults_big_cross, uniq_saint_roka
Vaults:4: st_squares, vaults_room_door_hall, grunt_vaults_trifunnel,
          ontoclasm_vaults_pinch, nicolae_vaults_yaktaur_gun_rack,
          vaults_mumra_chevron, vaults_mumra_hex, v_pattern_4,
          vaults_mumra_hexcomb, v_misc_8, nicolae_vaults_specimen_jars,
          nicolae_vaults_little_squares_2, layout_vaults_ring, serial_shops,
          shop
Vaults:5
Crypt:1:  layout_gridlike, grunt_crypt_arrival_webbed, grunt_megastairs_2
Crypt:2:  layout_chaotic_city, lemuel_hellish_altar, uniq_mennas
Crypt:3:  david_glass_crypt, layout_misc_corridors,
          tomb_entry_forgotten_bobbens, serial_sigils_hangedman_confine,
          st_stairs_13, uniq_khufu
Tomb:1
Tomb:2:   uniq_frederick
Depths:1: layout_forbidden_donut, enter_ziggurat_e, kennysheep_another_room,
          abyss_entry, hell_entry, hangedman_abyss_or_decor_lesser_grid,
          st_stairs_13, grunt_ministairs_8, kennysheep_generic_room_13,
          minmay_shop_grove
Depths:2: minmay_bloctagon, layout_basic, minmay_door_square,
          gammafunk_ghost_ooze, abyss_entry, serial_shops, kennysheep_mini_moat,
          pf_hell_entry_tar_river, st_stairs_9, serial_bayou_shore_b,
          minmay_shoptagon
Depths:3: hangedman_stitches_corridor, layout_basic, serial_shops,
          nicolae_shop_behind_doors, hell_entry, pan_entry, serial_glass,
          glass_columns_c, glass_columns_c, minmay_protected_statue
Depths:4: minmay_the_grid_square_5x5_4x4
          [minmay_the_grid_square_5x5_almost_minimal,
          minmay_the_grid_square_5x5_minibox,
          minmay_the_grid_square_5x5_trominoes,
          minmay_the_grid_square_5x5_hollow_slash,
          minmay_the_grid_square_5x5_pentomino_r,
          minmay_the_grid_square_5x5_prize_gold,
          minmay_the_grid_square_5x5_prize_itemx,
          minmay_the_grid_square_5x5_two_walls_a,
          minmay_the_grid_square_5x5_checkered,
          minmay_the_grid_square_5x5_prize_junk,
          minmay_the_grid_square_5x5_prize_monsterx,
          minmay_the_grid_square_5x5_meh, minmay_the_grid_square_5x5_n_small,
          minmay_the_grid_square_5x5_empty,
          minmay_the_grid_square_5x5_three_small,
          minmay_the_grid_square_5x5_one_wall], layout_cave_pools,
          abyss_entry_flame_altar, hell_entry
Depths:5: grunt_zot_entry_funnels, layout_gridlike, hangedman_coc_ice_floe,
          hangedman_abyss_or_decor_clamps, st_stairs_5
Hell
Dis:1:    layout_overlapping_boxes
Dis:2:    layout_subdivisions
Dis:3:    layout_subdivisions
Dis:4:    layout_subdivisions
Dis:5:    layout_gridville, hangedman_dis_decor_blocks_crown,
          hangedman_dis_decor_blocks_mantle, grunt_dis_stairs_iron_hall
Dis:6:    layout_overlapping_boxes
Dis:7:    dis_grunt_layers
Geh:1:    layout_gehenna_pools_basic
Geh:2:    layout_gehenna_lava_caves
Geh:3:    grunt_deathspiral_small, layout_gehenna_pools_triple
Geh:4:    layout_gehenna_pools_triple
Geh:5:    layout_gehenna_lava_caves
Geh:6:    layout_gehenna_lava_caves, lemuel_flamethrower_2
Geh:7:    evilmike_geh
Coc:1:    layout_ice_bergs
Coc:2:    layout_cocytus_water_paths, serial_ice
Coc:3:    layout_cocytus_water_paths
Coc:4:    layout_cocytus_water_paths
Coc:5:    layout_ice_bergs
Coc:6:    layout_cocytus_water_paths
Coc:7:    coc_grunt_cove [coc_grunt_cove_antaeus, coc_grunt_cove_fiend,
          coc_grunt_cove_fiend, coc_grunt_cove_fiend, coc_grunt_cove_fiend]
Tar:1:    layout_grid_maze
Tar:2:    layout_honeycomb
Tar:3:    layout_grid_maze, nicolae_tar_cuneiform_not
Tar:4:    layout_honeycomb
Tar:5:    layout_cathedral_of_symmetry, nicolae_tar_cuneiform_two
Tar:6:    layout_cathedral_of_symmetry, nicolae_tar_cuneiform_two
Tar:7:    tar_minmay_river
Zot:1:    lemuel_draconian_sentries_small, layout_basic
Zot:2:    layout_gridville
Zot:3:    nicolae_zot_stationary_front, layout_misc_corridors
Zot:4:    layout_concentric_octagons
Zot:5:    layout_basic

Skill      XL: |  1  2  3  4  5  6  7  8  9 10 11 12 13 14 15 16 17 18 19 20 21 22 23 24 25 26 27 |
---------------+----------------------------------------------------------------------------------+-----
Polearms       | 5 6 7 8 10 11 12 13 15 16 17 18 19 20 21 22 23 24 25 26 27 | 27.0
Fighting       | 3 4 5 7 8 9 10 11 12 13 14 15 16 17 18 19 20 21 22 23 27 | 27.0
Shields        | 1 4 6 7 9 10 12 13 14 15 16 17 18 19 27 | 27.0
Dodging        | 7 9 11 12 14 15 16 17 18 19 20 21 22 23 24 25 26 27 | 27.0
Invocations    | 5 8 10 12 13 14 15 17 27 | 27.0
Armour         | 4 5 7 8 9 10 19 | 19.4
Throwing       | 27 | 27.0

Action                   |  1- 3 |  4- 6 |  7- 9 | 10-12 | 13-15 | 16-18 | 19-21 | 22-24 | 25-27 || total
-------------------------+-------+-------+-------+-------+-------+-------+-------+-------+-------++-------
Melee: Trident           |   117 |   155 |   460 |  1053 |  2172 |  2137 |   834 |       |       ||  6928
       Tailslap          |       |       |       |       |    10 |    51 |     4 |    15 |    76 ||   156
       Trishula          |       |       |       |       |       |       |  1256 |  1767 |  9432 || 12455
Throw: Throwing net      |       |       |       |     2 |       |       |       |       |       ||     2
       Boomerang         |       |       |       |       |    10 |    19 |       |       |    21 ||    50
       Javelin           |       |       |       |       |       |       |       |       |    74 ||    74
Invok: Divine Shield     |       |       |       |     3 |     3 |       |       |     1 |     3 ||    10
       Brand Weapon With |       |       |       |       |       |       |     1 |       |       ||     1
       Cleansing Flame   |       |       |       |       |       |       |       |       |   104 ||   104
       Summon Divine War |       |       |       |       |       |       |       |       |     1 ||     1
Evoke: Wand              |       |       |       |       |       |       |       |       |     6 ||     6
  Use: Scroll            |       |    10 |     5 |    10 |    13 |     7 |    20 |    13 |    48 ||   126
       Potion            |       |       |       |     1 |     1 |     1 |     2 |     6 |    29 ||    40
  Eat: Chunk             |     1 |     7 |    14 |    33 |    39 |    21 |    36 |    27 |    33 ||   211
       Ration            |       |       |       |     1 |       |     6 |     3 |     3 |    43 ||    56
Armor: Leather armour    |     5 |       |       |       |       |       |       |       |       ||     5
       Ring mail         |    25 |    43 |   132 |    95 |    92 |       |       |       |       ||   387
       Scale mail        |       |       |       |       |    41 |   233 |    59 |       |       ||   333
       Chain mail        |       |       |       |       |       |       |    68 |   111 |   157 ||   336
       Gold dragon scale |       |       |       |       |       |       |       |       |   995 ||   995
       Plate armour      |       |       |       |       |       |       |       |       |    37 ||    37
       Fire dragon scale |       |       |       |       |       |       |       |       |    16 ||    16
Dodge: Dodged            |    75 |    48 |   186 |   515 |   820 |  1134 |   592 |   443 |  2482 ||  6295
Block: Shield            |       |    35 |   137 |   421 |   950 |  1539 |   929 |       |       ||  4011
       Reflection        |       |       |       |       |    16 |    60 |   123 |    89 |   177 ||   465
       Large shield      |       |       |       |       |       |       |   141 |  1216 |  8344 ||  9701
